 Dungeon Crawl Stone Soup version 0.18.1-50-g88ac8fd (webtiles) character file.

92 Nordron the Digger (level 4, 0/24 HPs)
             Began as a Gargoyle Earth Elementalist on Oct 3, 2016.
             Killed from afar by Sigmund (6 damage)
             ... with a magic dart
             ... on level 2 of the Dungeon.
             The game lasted 00:05:57 (1254 turns).

Nordron the Digger (Gargoyle Earth Elementalist)    Turns: 1254, Time: 00:05:58

Health: 0/24       AC:  8    Str: 11    XL:     4   Next: 60%
Magic:  0/9        EV: 12    Int: 17    God:
Gold:   46         SH:  0    Dex: 10    Spells: 1 memorised, 9 levels left

rFire  . . .     SeeInvis .     b - 106 stones
rCold  . . .     Gourm    .     a - +0 robe
rNeg   + . .     Faith    .     (no shield)
rPois  ∞         Spirit   .     (no helmet)
rElec  +         Dismiss  .     p - +2 cloak
rCorr  .         Reflect  .     (no gloves)
SustAt .         Harm     .     (no boots)
MR     .....                    (no amulet)
Stlth  ++........               (no ring)
                                (no ring)

@: not resistant to hostile enchantments, unstealthy
A: negative energy resistance 1, electricity resistance, unbreathing,
petrification resistance, rot immunity, AC +3
a: no special abilities


You were on level 2 of the Dungeon.
You were not hungry.

You visited 1 branch of the dungeon, and saw 2 of its levels.

You collected 46 gold pieces.

Inventory:

Hand Weapons
 l - a +0 short sword
Missiles
 b - 106 stones (in hand)
Armour
 a - a +0 robe (worn)
 p - a +2 cloak (worn)
Scrolls
 e - 2 scrolls of enchant weapon {unknown}
 g - 3 scrolls of identify {unknown}
 h - a scroll of teleportation {unknown}
 j - a scroll of remove curse {unknown}
 k - a scroll of blinking {unknown}
 n - a scroll of amnesia {unknown}
 q - a scroll of noise {unknown}
 s - a scroll of enchant armour {unknown}
Potions
 m - a potion of curing {unknown}
 o - a potion of flight {unknown}
 r - a potion of invisibility {unknown}
Books
 c - a book of Geomancy

   Spells                             Type                      Level
   a - Sandblast                      Earth                        1
   b - Passwall                       Transmutation/Earth          2
   c - Stone Arrow                    Conjuration/Earth            3
   d - Petrify                        Transmutation/Earth          4
   e - Lee's Rapid Deconstruction     Earth                        5
Comestibles
 d - 2 bread rations
 f - a beef jerky
 i - 2 chunks of flesh
 t - 2 fruits


   Skills:
 - Level 1.5 Dodging
 - Level 2.1 Stealth
 * Level 3.6 Spellcasting
   Level 0.7 Transmutations
 + Level 4.8 Earth Magic


You had 9 spell levels left.
You knew the following spells:

 Your Spells              Type           Power        Failure   Level  Hunger
a - Sandblast             Erth           ###...       2%          1    None


Dungeon Overview and Level Annotations

Branches:
Dungeon (2/15)

Altars:
Yredelemnul

Annotations:
D:2 Sigmund


Innate Abilities, Weirdness & Mutations

You are resistant to torment.
Your stone body is resilient (AC +3).
You are immune to poison.
You resist negative energy.
You are resistant to electric shocks.
You can survive without breathing.
You are immune to petrification.
You are immune to rotting.


Message History

Confirm with . or Enter, or press ? or * to list all spells.
Aiming: Sandblast
Press: ? - help, Shift-Dir - straight line, f/p - Sigmund
Aim: Sigmund, wielding a scythe and wearing a robe (severely wounded)
The rocky blast misses Sigmund.
Sigmund points at you and mumbles some strange words.
You resist with some effort.
Sigmund points at you and mumbles some strange words.
The puff of flame misses you.
Found a stone staircase leading up.
Casting: Sandblast
Confirm with . or Enter, or press ? or * to list all spells.
Aiming: Sandblast
Press: ? - help, Shift-Dir - straight line, f/p - Sigmund
Aim: Sigmund, wielding a scythe and wearing a robe (severely wounded)
The rocky blast hits Sigmund.
Sigmund is almost dead.
Sigmund gestures at you while chanting. The magic dart hits you!
You die...

..#.#.....# #)# #............#
..#.#.....###.####........)...+
###...........>...............#
#####.....###.###.......#####....
#.......)...............# ###
#.#######........@......# ......#
##.......#......# ......#
#.).....+......#
......####......@########
#.#......#.......#
#.#.#....##.#....#
#........##...#.##
.........###..... .........#
#.... .........# #<...
.......[.####>.. ......<.......


You could see Sigmund.

Vanquished Creatures
  A gnoll (D:1)
  3 adders
  2 oozes
  A worm (D:2)
  2 dart slugs (D:2)
  A giant gecko (D:1)
  7 bats (D:1)
  4 goblins
  2 hobgoblins (D:2)
  4 jackals (D:2)
  3 kobolds
  2 ball pythons (D:1)
  3 giant newts (D:1)
  6 rats
41 creatures vanquished.

Notes
Turn   | Place    | Note
--------------------------------------------------------------
     0 | D:1      | Nordron the Gargoyle Earth Elementalist began the quest for the Orb.
     0 | D:1      | Reached XP level 1. HP: 10/10 MP: 3/3
   313 | D:1      | Reached skill level 4 in Earth Magic
   313 | D:1      | Reached XP level 2. HP: 15/15 MP: 1/5
   713 | D:1      | Reached XP level 3. HP: 13/19 MP: 0/7
   913 | D:2      | Reached XP level 4. HP: 23/24 MP: 0/8
  1163 | D:2      | Found a basalt altar of Yredelemnul.
  1235 | D:2      | Noticed Sigmund
  1254 | D:2      | Killed from afar by Sigmund

Skill      XL: |  1  2  3 |
---------------+----------+-----
Earth Magic    | 4 |  4.8
Spellcasting   | 3 |  3.6
Dodging        | |  1.5
Stealth        | |  2.1
Transmutations | |  0.7

Action                   |  1- 3 |  4- 6 || total
-------------------------+-------+-------++-------
Melee: Unarmed           |     1 |       ||     1
       Short sword       |    22 |    18 ||    40
 Cast: Sandblast         |    44 |    31 ||    75
  Eat: Chunk             |       |     1 ||     1
Armor: Robe              |    27 |     9 ||    36
Dodge: Dodged            |    40 |    26 ||    66
